 Dungeon Crawl Stone Soup version 0.31.0-9-g3a7656b989 (webtiles) character file.

Game seed: 6718153809413585944

36 Killerpretzel the Gusty (level 3, -7/16 HPs)
             Began as a Felid Air Elementalist on Feb 3, 2024.
             Mangled by Terence
             ... wielding a +0 falchion
              (10 damage)
             ... on level 2 of the Dungeon.
             The game lasted 00:04:22 (1317 turns).

Killerpretzel the Gusty (Felid Air Elementalist)    Turns: 1317, Time: 00:04:22

Health: -7/16      AC:  1    Str:  4    XL:     3   Next: 19%
Magic:  0/7        EV: 18    Int: 20    God:
Gold:   60         SH:  0    Dex: 16    Spells: 3/6 levels left
                                        Lives:  0   Deaths: 1

rFire   . . .        (weapon unavailable)
rCold   . . .        (shield unavailable)
rNeg    . . .        (body armour unavailable)
rPois   +            (helmet unavailable)
rElec   .            (cloak unavailable)
rCorr   .            (gloves unavailable)
SInv    +            (boots unavailable)
Will    .....        e - amulet of guardian spirit
Stlth   ++           c - ring of wizardry
HPRegen 0.22/turn    d - ring of poison resistance
MPRegen 0.10/turn

%: guardian spirit, wizardry (x1)
@: no status effects
A: very small, claws 1, fangs 3, see invisible, shaggy fur 1, stealthy paws, no
weapons or thrown items, no armour, multi-lived
a: no special abilities


You were on level 2 of the Dungeon.
You visited 1 branch of the dungeon, and saw 2 of its levels.

You collected 60 gold pieces.

Inventory:

Jewellery
 c - a ring of wizardry (left paw)
 d - a ring of poison resistance (right paw)
 e - an amulet of guardian spirit (around neck)
Talismans
 g - a maw talisman
Scrolls
 a - a scroll of identify
 b - a scroll of revelation {unknown}
 f - a scroll of enchant armour {unknown}
 i - a scroll of amnesia {unknown}
Potions
 h - a potion of enlightenment {unknown}


   Skills:
 + Level 3.2 Dodging
 - Level 2.6 Stealth
 + Level 2.3 Spellcasting
 + Level 1.4 Conjurations
 * Level 3.2 Air Magic
 + Level 0.1 Shapeshifting


You had 3 spell levels left.
You knew the following spells:

 Your Spells              Type           Power      Damage    Failure   Level
a - Shock                 Conj/Air       44%        1d5       2%          1
b - Static Discharge      Conj/Air       22%        3-4/arc   3%          2

Your spell library contained the following spells:

 Spells                   Type           Power      Damage    Failure   Level
 Swiftness                Air            15%        N/A       4%          3
 Tukima's Dance           Hex            2%         N/A       19%         3
 Airstrike                Air            7%         2d(2-18)  16%         4
 Iskenderun's Mystic Bla  Conj/Tloc      5%         2d3       41%         4
 Dimensional Bullseye     Hex/Tloc       Unusable   N/A       N/A         4

Dungeon Overview and Level Annotations

Branches:
Dungeon (2/15)

Altars:

Annotations:
D:2 Terence


Innate Abilities, Weirdness & Mutations

You have sharp claws.
You have razor-sharp teeth.
You have supernaturally acute eyesight. (SInv)
You are covered in fur. (AC +1)
Your paws help you pounce on unaware monsters.
You are incapable of wielding weapons or throwing items.
You cannot wear armour.
You gain extra lives every three experience levels.


Message History

No target in view!
Terence the Incautious comes into view.
He is wielding a +0 falchion.
Casting: Static Discharge (safe; 3% risk of failure)
Confirm with . or Enter, or press ? or * to list all spells.
Aiming: Shock (safe; 2% risk of failure)
Press: ? - help, Shift-Dir - straight line, f - Terence
Aim: Terence, wielding a +0 falchion and wearing a +0 scale mail (asleep, 100% to hit)
The zap hits Terence.
Terence is lightly wounded.
Terence shouts!
Casting: Shock (safe; 2% risk of failure)
Confirm with . or Enter, or press ? or * to list all spells.
Aiming: Shock (safe; 2% risk of failure)
Press: ? - help, Shift-Dir - straight line, f/p - Terence
Aim: Terence, wielding a +0 falchion and wearing a +0 scale mail (lightly wounded, 72% to hit)
The zap hits Terence.
Terence is moderately wounded.
Terence hits you with a +0 falchion.
Terence is nearby!
Casting: Shock (safe; 2% risk of failure)
Confirm with . or Enter, or press ? or * to list all spells.
Terence is struck by an arc of lightning.
Terence is moderately wounded.
You are struck by an arc of lightning.
Terence is struck by an arc of lightning.
Terence is heavily wounded.
The lightning grounds out.
Terence hits you with a +0 falchion.
* * * LOW HITPOINT WARNING * * *
Casting: Static Discharge (safe; 3% risk of failure)
Confirm with . or Enter, or press ? or * to list all spells.
You don't have enough magic to cast this spell.
Casting: Static Discharge (safe; 3% risk of failure)
Confirm with . or Enter, or press ? or * to list all spells.
Aiming: Shock (safe; 2% risk of failure)
Press: ? - help, Shift-Dir - straight line, f/p - Terence
Aim: Terence, wielding a +0 falchion and wearing a +0 scale mail (heavily wounded, 72% to hit)
The zap misses Terence.
Terence hits you with a +0 falchion!
Ouch! That really hurt!
You die...
Terence says, "Rest in peace."

..# #.# #.# #.# #
######.## #.
.$....<.# #..
#####...####..#####
##
#..###........###.#
# #..# ....##@#.#.#
######### # ####+#
. #@##..# #........
# .#
#.##.)####.#######
##.# #.##........#
...# #.########..#
..# ... ...# #.##
#.# ###.# #..# #
#.# .# # #.## . ..
.


You could see Terence.

Vanquished Creatures
  Robin (D:2)
  2 ball pythons (D:1)
  A bat (D:2)
  5 endoplasms (D:1)
  A giant cockroach (D:1)
  4 goblins
  2 hobgoblins (D:1)
  3 jackals (D:2)
  A rat (D:2)
20 creatures vanquished.

Notes
Turn   | Place    | Note
-------+----------+-------------------------------------------
     0 | D:1      | Killerpretzel the Felid Air Elementalist began the quest
                  | for the Orb.
     0 | D:1      | Reached XP level 1. HP: 9/9 MP: 4/4
    87 | D:1      | Reached skill level 1 in Conjurations
   330 | D:1      | Reached XP level 2. HP: 13/13 MP: 4/6
   333 | D:1      | Learned a level 2 spell: Static Discharge
   955 | D:2      | Noticed Robin
   967 | D:2      | Slain by Robin
   967 | D:2      | Lost a life (0 lives remaining)
  1248 | D:2      | Killed Robin
  1249 | D:2      | Reached XP level 3. HP: 12/16 MP: 1/7
  1312 | D:2      | Noticed Terence
  1317 | D:2      | Mangled by Terence

Illustrated notes

Levels and vault maps discovered:
D:1:      elethiomel_arrival_quiet, layout_basic
D:2:      layout_loops_ring, basic_altar, grunt_decor_resistance,
          chequers_arboretum, minmay_misc_feat_rows, uniq_crazy_yiuf_cottage,
          uniq_robin, uniq_terence

Skill      XL: |  1  2 |
---------------+-------+-----
Conjurations   | 1 |  1.4
Dodging        | 3 |  3.2
Air Magic      | 3 |  3.2
Stealth        | |  2.6
Spellcasting   | |  2.3
Shapeshifting  | |  0.1

Action                     || total
---------------------------++-------
  Melee: Unarmed           ||    19
         Punch             ||     1
   Cast: Shock             ||    28
         Static Discharge  ||    10
    Use: Scroll            ||     1
         Potion            ||     1
 Armour: Skin              ||    23
  Dodge: Dodged            ||    26
         Form:             ||     1
         Maw               ||     1
